Map: Pillars of Gold LE

Players

Stats - Winner!

  • Race: Protoss Protoss
  • Spawn Location: 1:00

LiquidClem (Clem)

  • Race: Terran Terran
  • Spawn Location: 7:00

Event: DreamHack SC2 Masters 2020 Winter

VOD

Have the link to the VOD?

Description

Time

  • Played on: Nov. 15, 2020, 10:14 a.m.
  • Length: 9:58

All games in this series

Show
View Real Time Build Order
Export as new Build Order

Stats Protoss - Winner!

Build Orders: 1 Gate Expand, Zealot Archon, Dark Templar Rush 

Get SALT Encoding   

  12  0:00  Probe  
  13  0:12  Probe  
  14  0:19  Pylon  
  14  0:24  Probe  
  15  0:37  Probe (Chrono Boost)  
  15  0:39  Gateway  
  16  0:46  Probe (Chrono Boost)  
  16  0:48  Assimilator  
  17  0:52  Probe  
  18  1:04  Probe  
  19  1:16  Probe  
  20  1:26  Cybernetics Core  
  20  1:35  Nexus  
  20  1:38  Probe  
  21  1:47  Pylon  
  21  1:50  Probe  
  21  1:52  Assimilator  
  22  2:02  Adept (Chrono Boost), Probe  
  22  2:07  Warp Gate  
  25  2:16  Probe  
  26  2:23  Adept (Chrono Boost)  
  26  2:28  Probe  
  29  2:33  Twilight Council  
  29  2:42  Probe (Chrono Boost)  
  30  2:47  Probe (Chrono Boost)  
  30  2:48  Adept  
  33  2:57  Probe x2 (Chrono Boost)  
  35  3:01  Robotics Facility  
  35  3:04  Probe  
  36  3:08  Probe  
  37  3:16  Probe  
  38  3:20  Dark Shrine  
  38  3:24  Probe  
  39  3:34  Probe  
  40  3:36  Probe  
  40  3:38  Gateway  
  41  3:43  Gateway  
  41  3:47  Warp Prism (Chrono Boost), Probe  
  41  3:48  Probe  
  45  3:56  Pylon  
  45  4:00  Probe  
  45  4:02  Assimilator  
  46  4:06  Assimilator  
  46  4:07  Pylon  
  46  4:14  Probe  
  45  4:18  Stalker  
  45  4:21  Shield Battery  
  45  4:23  Shield Battery  
  45  4:24  Immortal (Chrono Boost)  
  47  4:33  Dark Templar  
  47  4:35  Shield Battery  
  49  4:41  Dark Templar  
  49  4:47  Probe x2  
  46  4:53  Dark Templar  
  46  4:59  Probe x2  
  47  5:10  Assimilator  
  47  5:11  Probe  
  47  5:12  Probe  
  49  5:19  Stalker x2  
  53  5:23  Pylon, Probe  
  53  5:24  Probe  
  55  5:34  Robotics Bay  
  55  5:36  Probe x2  
  55  5:38  Pylon  
  57  5:48  Probe x2  
  59  5:50  Nexus  
  57  5:59  Pylon  
  57  6:02  Probe x2  
  59  6:08  Dark Templar x3  
  65  6:12  Archon  
  65  6:14  Probe  
  65  6:18  Probe  
  67  6:24  Colossus (Chrono Boost)  
  67  6:26  Probe  
  67  6:29  Shield Battery  
  67  6:30  Gateway  
  74  6:33  Probe  
  74  6:38  Probe  
  76  6:41  Extended Thermal Lance  
  76  6:45  Probe  
  75  6:50  Probe  
  76  6:55  Dark Templar  
  76  6:57  Probe  
  76  6:59  Archon  
  79  7:02  Probe x2  
  79  7:03  Stalker x2  
  85  7:09  Probe  
  85  7:14  Colossus (Chrono Boost), Probe x2  
  88  7:21  Probe  
  95  7:26  Probe  
  96  7:31  Charge (Chrono Boost)  
  96  7:33  Gateway  
  96  7:35  Gateway  
  96  7:37  Zealot, Sentry  
  96  7:43  Pylon  
  100  7:45  Forge, Pylon  
  100  7:47  Pylon  
  100  7:56  Gateway  
  100  7:58  Colossus (Chrono Boost), Gateway  
  100  8:00  Pylon  
  100  8:01  Pylon  
  102  8:11  Zealot x4  
  110  8:14  Shield Battery  
  110  8:15  Shield Battery x2  
  104  8:32  Zealot x6  
  104  8:47  Colossus (Chrono Boost)  
  110  8:51  Zealot  
  110  8:54  Zealot x7  
  120  9:15  Zealot x6  
  114  9:17  Zealot x2  
  114  9:36  Zealot x6  
  124  9:41  Zealot  
Show
View Real Time Build Order
Export as new Build Order

LiquidClem Terran 

Build Orders:  

Get SALT Encoding   

  12  0:00  SCV  
  13  0:12  SCV  
  14  0:18  Supply Depot  
  14  0:24  SCV  
  15  0:39  SCV  
  15  0:40  Barracks  
  16  0:46  Refinery  
  16  0:51  SCV  
  17  1:03  SCV  
  18  1:15  SCV  
  19  1:27  Marine  
  19  1:28  Orbital Command  
  20  1:43  Command Center  
  20  1:54  Factory  
  20  1:58  SCV  
  21  2:06  Barracks Reactor  
  21  2:10  SCV  
  21  2:15  Supply Depot  
  22  2:23  SCV  
  22  2:27  Refinery  
  23  2:37  SCV  
  24  2:38  Hellion  
  24  2:42  Starport, Marine  
  27  2:44  Marine  
  27  2:49  SCV  
  29  2:56  Orbital Command  
  29  3:04  Marine x2  
  29  3:05  Factory Tech Lab  
  31  3:07  SCV  
  32  3:20  Viking  
  32  3:24  SCV  
  32  3:27  Marine  
  35  3:31  Cyclone  
  38  3:34  Marine  
  38  3:36  SCV  
  38  3:37  SCV  
  39  3:43  Supply Depot  
  39  3:45  Marine  
  40  3:50  Medivac  
  40  3:53  Engineering Bay  
  43  3:55  SCV  
  43  3:58  SCV  
  43  4:01  Marine  
  43  4:02  Marine  
  45  4:07  Siege Tank  
  49  4:13  SCV  
  49  4:14  SCV  
  50  4:22  Marine x2  
  51  4:24  Missile Turret  
  51  4:26  SCV  
  51  4:28  Missile Turret, Starport Tech Lab  
  52  4:33  SCV  
  53  4:40  Marine  
  53  4:43  Marine  
  52  4:49  Siege Tank  
  52  4:52  Barracks  
  53  4:55  SCV  
  54  5:00  SCV  
  54  5:02  Marine x2  
  52  5:07  SCV  
  52  5:12  SCV  
  54  5:15  Supply Depot  
  54  5:17  Raven  
  54  5:20  SCV  
  57  5:23  Refinery  
  57  5:24  Marine  
  57  5:26  SCV  
  59  5:32  SCV  
  60  5:36  Siege Tank, Supply Depot  
  60  5:40  SCV  
  60  5:41  Marine  
  65  5:43  Marine  
  65  5:45  Marine  
  65  5:49  SCV  
  66  5:55  SCV  
  67  5:59  Marine  
  67  6:01  Marine  
  69  6:06  SCV  
  69  6:09  Barracks  
  70  6:11  Supply Depot  
  70  6:12  SCV  
  70  6:14  Marine  
  70  6:16  Marine  
  70  6:17  Stimpack  
  73  6:22  Terran Infantry Weapons Level 1  
  73  6:26  SCV  
  73  6:31  Siege Tank  
  77  6:33  Supply Depot  
  77  6:34  Starport Reactor  
  77  6:35  Marine  
  77  6:36  Marine x2  
  78  6:41  SCV  
  78  6:43  SCV  
  79  6:51  Supply Depot  
  79  6:52  Marine, Refinery  
  79  6:53  SCV  
  79  6:54  Marine  
  81  6:55  SCV  
  81  6:57  Marauder  
  81  6:58  Barracks Tech Lab  
  85  7:05  SCV  
  86  7:09  Siege Tank  
  86  7:13  Marine x2  
  91  7:16  Medivac, Supply Depot  
  91  7:18  Supply Depot  
  91  7:22  Missile Turret  
  93  7:23  Marauder x2  
  93  7:26  SCV  
  93  7:27  Medivac  
  96  7:33  Marine x2  
  98  7:41  Supply Depot  
  98  7:42  Combat Shield  
  98  7:45  Marauder  
  98  7:46  Marauder  
  98  7:47  SCV  
  98  7:50  SCV  
  104  7:53  Marine x2  
  104  7:57  Siege Tank  
  109  8:05  Supply Depot  
  108  8:06  Marauder  
  108  8:09  Marauder  
  108  8:10  Medivac, Marine  
  108  8:11  Marine  
  115  8:14  Supply Depot  
  115  8:18  Medivac  
  117  8:21  SCV  
  110  8:27  Marauder  
  110  8:31  Marauder  
  105  8:37  Siege Tank, Bunker  
  105  8:39  Marine x2  
  110  8:44  Supply Depot  
  110  8:46  Viking  
  112  8:49  Marauder  
  112  8:52  Marauder  
  116  8:58  Marine x2  
  118  9:04  Viking  
  116  9:10  Marauder  
  116  9:14  Marauder  
  116  9:16  Marine  
  115  9:23  Marine, Bunker  
  113  9:31  Marauder  
  113  9:37  Marauder  
Tags
 
Add a new tag
Caveats
  • Supply blocks, unpowered buildings, or Contaminate may cause inaccurate times.
  • Supply counts are checked every 10 seconds.